 Zot Defence DCSS version 0.16-a0-1157-gec61f8e (webtiles) character file.

16714 Kashira the Grave Robber (level 9, -6/32 (84) HPs)
             Began as a Troll Necromancer on Oct 8, 2014.
             Was a Believer of Jiyva.
             Mangled by a killer bee (8 damage)
             ... in the Realm of Zot (Scenario I: Hall of Zot).
             The game lasted 00:20:42 (1422 turns).

Kashira the Grave Robber (Troll Necromancer)        Turns: 1422, Time: 00:20:42

HP:   -6/32 (84)    AC:  5    Str: 18    XL:     9   Next: 91%
MP:   12/18         EV: 11    Int: 14    God:    Jiyva [**....]
Gold: 0             SH:  0    Dex: 10    Spells: 3 memorised, 12 levels left

rFire  . . .     SeeInvis .       - Unarmed
rCold  . . .     Clarity  .     a - +0 robe
rNeg   . . .     SustAb   .     (shield restricted)
rPois  .         Gourm    +     (helmet restricted)
rElec  .         Spirit   .     (no cloak)
rCorr  .         Warding  .     (gloves unavailable)
rMut   .         Stasis   .     (boots unavailable)
MR     .....                    (no amulet)
Stlth  +.........               (no ring)
                                (no ring)

@: lethally poisoned, not resistant to hostile enchantments, very unstealthy
A: unfitting armour, claws 3, fast metabolism 3, gourmand, regeneration 2,
saprovore 2, shaggy fur 1, tough skin 2
a: Make oklob sapling, Make arrow trap, Make plant, Remove Curse, Make burning
bush, Make altar, Make grenades, Make oklob plant, Make net trap, Make ice
statue, Request Jelly, Jelly Paralyse, Renounce Religion
}: 1/15 runes: slimy


You were in the Realm of Zot.
You worshipped Jiyva.
Jiyva was pleased with you.
You were not hungry.

You visited 1 branch

Inventory:

Hand weapons
 l - a +0 dagger
Armour
 a - a +0 robe (worn)
Comestibles
 d - 2 meat rations
 f - 2 chunks of hound flesh
Potions
 c - 3 potions of curing
 g - 2 potions of magic
Books
 b - a book of Necromancy

   Spells                             Type                      Level
   *Pain                              Necromancy                   1
   *Animate Skeleton                  Necromancy                   1
   Vampiric Draining                  Necromancy                   3
   Regeneration                       Charms/Necromancy            3
   *Animate Dead                      Necromancy                   4
   Control Undead                     Necromancy                   4


   Skills:
 + Level 3.9 Fighting
 + Level 4.7 Dodging
 - Level 1.1 Stealth
 + Level 5.2 Unarmed Combat
 + Level 5.0 Spellcasting
 + Level 7.3 Necromancy


You had 12 spell levels left.
You knew the following spells:

 Your Spells              Type           Power        Failure   Level  Hunger
a - Pain                  Necr           ###.         1%          1    None
b - Animate Skeleton      Necr           N/A          1%          1    None
c - Animate Dead          Necr           N/A          10%         4    ####...


Dungeon Overview and Level Annotations

Branches:
    Zot (1/1)

Altars:
Jiyva


Innate Abilities, Weirdness & Mutations

You are too large for most types of armour.
You have claws for hands.
Your metabolism is lightning-fast.
You like to eat raw meat.
You heal very quickly.
You can eat rotten meat.
You are covered in fur (AC +1).
You have very tough skin (AC +2).


Message History

An arrow hits the jelly!
You claw the redback!
The redback is almost dead.
* * * LOW HITPOINT WARNING * * *
You feel very sick. The redback barely misses you.
An arrow hits the giant mite, but does no damage!
The killer bee stings you.
* * * LOW HITPOINT WARNING * * *
The redback bites your burning bush! The killer bee closely misses you.
You claw the redback!
You kill the redback!
* * * LOW HITPOINT WARNING * * *
You feel very sick.
The killer bee stings you but does no damage.
The redback bites your burning bush.
Your burning bush is poisoned.
The redback poisons your burning bush!
Your burning bush partially resists.
The killer bee closely misses you. The killer bee stings you!
You die...

▓▓▓▓▓▓▓▓ ▓▓▓▓▓▓▓▓ ....▓▓▓▓
▓▓▓▓.... .......▓▓▓ ▓▓▓.......
.........▓▓ ▓▓.........
..........▓ ▓▓▓▓▓▓▓▓▓ ▓..........
..........▓▓▓...P...▓▓▓..........
..........▓▓.........▓▓..........
..........▓....^.y.J..▓..........
...........^^^^^@^^^^s...........
..........▓...J..y....▓..........
..........▓▓...^s^...▓▓J.........
..........▓▓▓...P...▓▓▓..........
..........# ▓▓▓▓▓▓▓▓▓ #..........
.........## ##.........
.......### ###....... ....####
####.... ######### #########


You could see a redback, 2 killer bees, a giant mite, 2 neutral jellies (fellow
slime), a friendly oklob plant and a friendly burning bush.

Vanquished Creatures
  A hell hound (Zot)
  A redback (Zot)
  A wolf (Zot)
  A black bear (Zot)
  A giant frog (Zot)
  A worker ant (Zot)
  A hound (Zot)
  An iguana (Zot)
  An adder (Zot)
  A gnoll (Zot)
  A green rat (Zot)
  An ooze (Zot)
  A ball python (Zot)
  4 giant cockroaches (Zot)
  A giant newt (Zot)
  A hobgoblin (Zot)
  2 jackals (Zot)
  7 bats (Zot)
  9 goblins (Zot)
  2 rats (Zot)
39 creatures vanquished.

Vanquished Creatures (collateral kills)
  A wolf spider (Zot)
  A gargoyle (Zot)
  Prince Ribbit (Zot)
  2 redbacks (Zot)
  A hippogriff (Zot)
  A phantom (Zot)
  2 ogres (Zot)
  A wight (Zot)
  2 killer bees (Zot)
  2 hounds (Zot)
  3 adders (Zot)
  A goliath beetle (Zot)
  An iguana (Zot)
  A sheep (Zot)
  Ijyb (Zot)
  4 gnolls (Zot)
  A giant mite (Zot)
  A giant gecko (Zot)
  An orc (Zot)
  3 ball pythons (Zot)
  3 bats (Zot)
  A giant cockroach (Zot)
  2 hobgoblins (Zot)
  13 jackals (Zot)
  2 quokkas (Zot)
  4 giant newts (Zot)
  A giant spore (Zot)
  9 goblins (Zot)
  4 kobolds (Zot)
  4 rats (Zot)
74 creatures vanquished.

Vanquished Creatures (others)
  An oklob plant (Zot)
  A burning bush (Zot)
  A hippogriff skeleton (Zot)
  2 oklob saplings (Zot)
  7 jellies (Zot)
  A black bear skeleton (Zot)
  A worker ant (Zot)
  An ogre skeleton (Zot)
  2 hound skeletons (Zot)
  A green rat (Zot)
  A giant mite (Zot)
  An adder skeleton (Zot)
  An iguana skeleton (Zot)
  5 oozes (Zot)
  An orc (Zot)
  A bat (Zot)
  4 bat skeletons (Zot)
  A gnoll skeleton (Zot)
  3 hobgoblins (Zot)
  A jackal (Zot)
  2 kobolds (Zot)
  2 quokkas (Zot)
  A ball python skeleton (Zot)
  A giant gecko skeleton (Zot)
  2 giant newt skeletons (Zot)
  A giant spore (Zot)
  2 goblins (Zot)
  8 goblin skeletons (Zot)
  4 jackal skeletons (Zot)
  A kobold skeleton (Zot)
  A quokka skeleton (Zot)
  4 rat skeletons (Zot)
66 creatures vanquished.

Grand Total: 179 creatures vanquished

Notes
Turn   | Place    | Note
--------------------------------------------------------------
     0 | Zot      | Kashira, the Troll Necromancer, began the quest for the Orb.
     0 | Zot      | Reached XP level 1. HP: 16/16 MP: 2/2
   214 | Zot      | Reached XP level 2. HP: 12/24 MP: 2/2
   250 | Zot      | Reached XP level 3. HP: 23/31 MP: 3/3
   253 | Zot      | Learned a level 1 spell: Animate Skeleton
   333 | Zot      | Reached skill level 4 in Necromancy
   504 | Zot      | Reached XP level 4. HP: 37/40 MP: 2/4
   518 | Zot      | Reached skill level 1 in Fighting
   518 | Zot      | Reached skill level 1 in Unarmed Combat
   520 | Zot      | Noticed a wolf
   528 | Zot      | Noticed Lumupo
   530 | Zot      | Killed a wolf
   530 | Zot      | Reached XP level 5. HP: 29/48 MP: 2/6
   530 | Zot      | Reached XP level 6. HP: 33/55 MP: 2/7
   548 | Zot      | Killed Lumupo the hell hound
   548 | Zot      | Reached skill level 5 in Necromancy
   548 | Zot      | Reached XP level 7. HP: 40/48 MP: 4/8
   557 | Zot      | Became a worshipper of Jiyva Jeuhoklu the Shapeless
   639 | Zot      | Noticed Ijyb
   651 | Zot      | Killed Ijyb
   721 | Zot      | Got a slimy rune of Zot
   721 | Zot      | Acquired Jiyva's first power
   811 | Zot      | Acquired Jiyva's second power
   923 | Zot      | Reached XP level 8. HP: 59/59 MP: 11/11
  1031 | Zot      | Reached skill level 6 in Necromancy
  1049 | Zot      | Noticed Klua
  1062 | Zot      | Killed Klua the gargoyle
  1128 | Zot      | Reached XP level 9. HP: 63/66 MP: 16/16
  1217 | Zot      | Noticed Prince Ribbit
  1377 | Zot      | Killed Prince Ribbit
  1394 | Zot      | Reached skill level 7 in Necromancy
  1402 | Zot      | Learned a level 4 spell: Animate Dead
  1405 | Zot      | Noticed a wolf spider
  1416 | Zot      | Killed a wolf spider
  1416 | Zot      | Reached skill level 5 in Unarmed Combat
  1416 | Zot      | Reached skill level 5 in Spellcasting
  1422 | Zot      | Mangled by a killer bee

Action                   |  1- 3 |  4- 6 |  7- 9 || total
-------------------------+-------+-------+-------++-------
Melee: Unarmed           |    48 |    19 |   125 ||   192
 Cast: Animate Skeleton  |    15 |     2 |    17 ||    34
       Pain              |       |       |    14 ||    14
Invok: Jelly Paralyse    |       |       |     1 ||     1
 Abil: Make oklob saplin |     2 |       |       ||     2
       Make arrow trap   |       |     1 |    14 ||    15
       Make grenades     |       |     1 |       ||     1
       Make burning bush |       |       |     2 ||     2
       Make oklob plant  |       |       |     2 ||     2
       Make altar        |       |       |     1 ||     1
  Use: Potion            |       |     3 |     1 ||     4
       Scroll            |       |     1 |       ||     1
 Stab: Distracted        |       |       |     2 ||     2
  Eat: Chunk             |    13 |     1 |     8 ||    22
